 Dungeon Crawl Stone Soup version 0.31-a0-1549-g5ff9445e89 (webtiles) character file.

Game seed: 10092017924474646195

17761 jlumianski the Grappler (level 12, -12/92 HPs)
             Began as a Gnoll Shapeshifter on Jan 2, 2024.
             Was a Priest of Wu Jian.
             Mangled by an orc knight
             ... wielding a +1 great sword of electrocution
              (24 damage)
             ... on level 9 of the Dungeon on Jan 3, 2024.
             The game lasted 01:17:49 (16256 turns).

jlumianski the Grappler (Gnoll Shapeshifter)       Turns: 16256, Time: 01:17:50

Health: -12/92     AC:  8    Str: 18    XL:     12   Next: 51%
Magic:  23/23      EV: 17    Int: 15    God:    Wu Jian [***...]
Gold:   283        SH:  0    Dex: 19    Spells: 20/26 levels left

rFire   + . .        A - +11 dagger of Regicide {speed, rF+}
rCold   . . .        (no shield)
rNeg    . . .        O - +0 acid dragon scales
rPois   .            (helmet currently unavailable)
rElec   .            u - melded +0 cloak
rCorr   +            (gloves currently unavailable)
SInv    .            q - melded +0 pair of boots
Will    .....        H - amulet of the acrobat
Stlth   ++++         k - +6 ring of dexterity
HPRegen 0.35/turn    v - +6 ring of intelligence
MPRegen 0.18/turn

%: acrobat
@: beast-form
A: beast (slay +4), fangs 1, strong nose, distributed training
a: Begin Untransformation, Renounce Religion, Wall Jump, Serpent's Lash


You were on level 9 of the Dungeon.
You worshipped Wu Jian.
Wu Jian was most pleased with you.
You were a hulking beast.
You visited 4 branches of the dungeon, and saw 16 of its levels.

You collected 723 gold pieces.
You spent 440 gold pieces at shops.

Inventory:

Hand Weapons
 A - the +11 dagger of Regicide (weapon) {speed, rF+}
   (You found it on level 10 of the Dungeon)

   rF+:       It protects you from fire.
 J - a +2 demon whip of venom
 M - a +0 broad axe
Missiles
 r - 40 poisoned darts
 C - 6 boomerangs (quivered)
 D - 2 curare-tipped darts
 F - 3 atropa-tipped darts
 S - 4 datura-tipped darts
Armour
 a - a +2 cloak of poison resistance
 m - a +2 buckler
 n - a +0 pair of gloves
 q - a +0 pair of boots (melded)
 u - a +0 cloak (melded)
 y - a +0 chain mail
 O - +0 acid dragon scales (worn)
 P - a +0 plate armour
 U - a +0 troll leather armour
Jewellery
 h - a ring of willpower
 k - a +6 ring of dexterity (left hand)
 v - a +6 ring of intelligence (right hand)
 H - an amulet of the acrobat (around neck)
 K - a ring of protection from cold
 T - a ring of flight
Talismans
 d - a flux talisman
 E - a beast talisman (active)
 Y - a blade talisman
Wands
 s - a wand of flame (5)
 x - a wand of digging (5)
 G - a wand of paralysis (33)
 N - a wand of mindburst (7)
 V - a wand of polymorph (3)
Scrolls
 c - a scroll of summoning
 e - a scroll of brand weapon
 l - a scroll of enchant weapon
 o - 2 scrolls of fog
 p - a scroll of immolation
 t - 3 scrolls of poison
 w - a scroll of torment {unknown}
 B - 4 scrolls of teleportation
 Q - 3 scrolls of fear
 W - a scroll of silence {unknown}
 X - a scroll of vulnerability
Potions
 b - 2 potions of lignification
 f - 3 potions of heal wounds
 g - 3 potions of magic
 i - a potion of enlightenment
 j - 6 potions of curing
 z - 3 potions of attraction
 L - a potion of might
 R - 2 potions of brilliance {unknown}
Miscellaneous
 I - a box of beasts (inert)


   Skills:
 + Level 8.1 Fighting
 + Level 7.6 Short Blades
 + Level 7.6 Long Blades
 + Level 7.6 Axes
 + Level 7.6 Maces & Flails
 + Level 7.6 Polearms
 + Level 7.6 Staves
 + Level 7.6 Ranged Weapons
 + Level 7.6 Throwing
 + Level 7.6 Armour
 + Level 9.0 Dodging
 + Level 7.6 Stealth
 + Level 7.6 Shields
 + Level 10.1 Unarmed Combat
 + Level 7.6 Spellcasting
 + Level 6.3 Conjurations
 + Level 6.3 Hexes
 + Level 6.3 Summonings
 + Level 6.3 Necromancy
 + Level 6.3 Translocations
 + Level 6.3 Fire Magic
 + Level 6.3 Ice Magic
 + Level 6.3 Air Magic
 + Level 6.3 Earth Magic
 + Level 6.3 Alchemy
 + Level 8.4 Invocations
 + Level 7.6 Evocations
 + Level 9.6 Shapeshifting


You had 20 spell levels left.
You knew the following spells:

 Your Spells              Type           Power      Damage    Failure   Level
a - Fugue of the Fallen   Necr           24%        N/A       3%          3
b - Ozocubu's Armour      Ice            24%        N/A       3%          3

Your spell library contained the following spells:

 Spells                   Type           Power      Damage    Failure   Level
 Slow                     Hex            96%        N/A       1%          1
 Manifold Assault         Tloc           24%        N/A       12%         4
 Petrify                  Alch/Erth      24%        N/A       12%         4
 Sticky Flame             Fire/Alch      24%        2d6       12%         4
 Metabolic Englaciation   Hex/Ice        12%        N/A       32%         5
 Summon Mana Viper        Hex/Summ       24%        N/A       32%         5
 Sculpt Simulacrum        Ice/Alch       12%        N/A       87%         6


Dungeon Overview and Level Annotations

Branches:
Dungeon (13/15)            Temple (1/1) D:7            Lair (1/5) D:9
    Orc (1/2) D:9
 Vaults: D:13-14

Altars:
Ashenzari
Cheibriados
Dithmenos
Elyvilon
Fedhas
Gozag
Hepliaklqana
Kikubaaqudgha
Makhleb
Nemelex Xobeh
Okawaru
Qazlal
Ru
Sif Muna
Trog
Uskayaw
Vehumet
Wu Jian
Xom
Yredelemnul
Zin
The Shining One

Shops:
D:1 :   D:6 *   D:10 ![   D:13 =

Annotations:
D:2 Terence
D:12 1 transporter, grandjackal's ghost, journeyman DsGl


Innate Abilities, Weirdness & Mutations

You are a hulking beast.
Your limbs bulge with bestial killing power. (Slay +4)
You have very sharp teeth.
Your uncanny sense of smell can sniff out nearby items.
Your experience applies equally to all skills.


Message History

You hit the orc knight.
You bite the orc knight, but do no damage.
The orc knight is lightly wounded.
You puncture the orc knight! You punch the orc knight.
You bite the orc knight, but do no damage.
The orc knight is moderately wounded.
You puncture the orc knight!
You bite the orc knight, but do no damage.
The orc knight is heavily wounded.
You closely miss the orc knight.
The orc knight is heavily wounded.
The orc knight hits you with a +1 great sword of electrocution! x2
There is a stone staircase leading up, spattered with blood here.
Things that are here:
a +0 dagger; a +0 ring mail; an orc corpse You spin and attack the orc knight repeatedly.
You closely miss the orc knight. Your punch misses the orc knight.
The orc knight is heavily wounded.
You hit the orc knight but do no damage.
The orc knight is heavily wounded.
The orc knight hits you with a +1 great sword of electrocution!!
* * * LOW HITPOINT WARNING * * *
The orc knight attacks as it pursues you!
The orc knight completely misses you.
Aiming: Wall Jump
Press: ? - help, Dir - move target You repeatedly attack the orc knight from above.
You hit the orc knight.
The orc knight is heavily wounded.
You puncture the orc knight!
You bite the orc knight, but do no damage.
The orc knight is severely wounded.
You puncture the orc knight!
The orc knight is almost dead.
You hit the orc knight.
The orc knight is almost dead.
You hit the orc knight. Your punch misses the orc knight.
The orc knight is almost dead.
The orc knight hits you with a +1 great sword of electrocution!!
You die...

.......#
#.##.................#
###....#
#.#######.###........#
#....# #.......#.#
########## #....#
#######.#.# ######
#.#.# #.#.# #[#.#
#######°#.#
#<..[)○ho.#
#######°### #.# ###


You could see an orc knight.

Vanquished Creatures
  Josephine (D:9)
  A hydra (D:11)
  3 two-headed ogres
  4 mutant beasts
  Amaemon (D:10)
  A cyclops (D:12)
  A manticore (D:11)
  2 elephants (Lair:1)
  An orange demon (D:10)
  A gargoyle (D:12)
  An unseen horror (D:11)
  4 kobold demonologists (D:11)
  Jeremiah (D:6)
  Maggie (D:8)
  An efreet (D:13)
  2 trolls (D:11)
  The ghost of SolCadguy the Conjurer, an amateur DrHW (D:5)
  7 yaks (D:9)
  2 shadows
  7 wraiths
  2 wargs (D:9)
  2 vampire mosquitoes (D:11)
  An acid dragon (D:11)
  5 orc warriors
  2 water moccasins
  4 ice beasts
  2 sky beasts
  3 black bears
  2 ogres
  3 phantoms
  6 centaurs
  6 kobold brigands
  7 bullfrogs
  A gnoll sergeant (D:10)
  5 scorpions
  3 wights (D:9)
  12 killer bees
  5 howler monkeys (D:11)
  A bombardier beetle (D:4)
  5 hounds
  2 jellies
  9 orc priests
  Crazy Yiuf (D:2)
  2 gnoll boudas
  A sleepcap (D:7)
  An iguana (D:5)
  14 orc wizards
  Natasha (thrice) (D:2)
  5 adders
  8 gnolls
  A shadow imp (D:5)
  A white imp (D:3)
  2 ufetubi (D:5)
  2 ribbon worms
  3 dart slugs
  53 orcs
  10 endoplasms
  3 giant cockroaches
  7 goblins
  11 hobgoblins
  8 jackals
  30 kobolds
  7 quokkas
  7 ball pythons
  11 bats
  3 frilled lizards
  8 rats
333 creatures vanquished.

Vanquished Creatures (collateral kills)
  A centaur (D:11)
1 creature vanquished.

Vanquished Creatures (others)
  An orc wizard (D:4)
1 creature vanquished.

Grand Total: 335 creatures vanquished

Notes
Turn   | Place    | Note
-------+----------+-------------------------------------------
     0 | D:1      | jlumianski the Gnoll Shapeshifter began the quest for the
                  | Orb.
     0 | D:1      | Reached XP level 1. HP: 17/17 MP: 1/1
    53 | D:1      | Found a faded altar of an unknown god.
    89 | D:1      | Reached XP level 2. HP: 22/23 MP: 2/2
   250 | D:2      | Noticed Terence
   347 | D:1      | Reached XP level 3. HP: 12/28 MP: 3/3
   442 | D:1      | Found Hyzuimni's Book Shop.
   494 | D:1      | Reached skill level 1 in Invocations
   638 | D:1      | Reached skill level 1 in Short Blades
   638 | D:1      | Reached skill level 1 in Long Blades
   638 | D:1      | Reached skill level 1 in Axes
   638 | D:1      | Reached skill level 1 in Maces & Flails
   638 | D:1      | Reached skill level 1 in Polearms
   638 | D:1      | Reached skill level 1 in Staves
   638 | D:1      | Reached skill level 1 in Ranged Weapons
   638 | D:1      | Reached skill level 1 in Throwing
   638 | D:1      | Reached skill level 1 in Armour
   638 | D:1      | Reached skill level 1 in Stealth
   638 | D:1      | Reached skill level 1 in Shields
   638 | D:1      | Reached skill level 1 in Spellcasting
   638 | D:1      | Reached skill level 1 in Evocations
  1090 | D:3      | Reached XP level 4. HP: 24/34 MP: 5/5
  1259 | D:2      | Reached skill level 1 in Conjurations
  1259 | D:2      | Reached skill level 1 in Hexes
  1259 | D:2      | Reached skill level 1 in Summonings
  1259 | D:2      | Reached skill level 1 in Necromancy
  1259 | D:2      | Reached skill level 1 in Translocations
  1259 | D:2      | Reached skill level 1 in Fire Magic
  1259 | D:2      | Reached skill level 1 in Ice Magic
  1259 | D:2      | Reached skill level 1 in Air Magic
  1259 | D:2      | Reached skill level 1 in Earth Magic
  1259 | D:2      | Reached skill level 1 in Alchemy
  1302 | D:2      | Noticed Natasha
  1423 | D:2      | Killed Natasha
  1424 | D:2      | Reached XP level 5. HP: 25/40 MP: 5/7
  1545 | D:2      | Noticed Natasha
  1553 | D:2      | Killed Natasha
  2101 | D:2      | Found a runed translucent door.
  2102 | D:2      | Noticed Crazy Yiuf
  2149 | D:2      | Noticed Natasha
  2151 | D:2      | Killed Natasha
  2332 | D:2      | Killed Crazy Yiuf
  2543 | D:3      | Reached XP level 6. HP: 36/47 MP: 8/8
  2652 | D:3      | Found an iron altar of Okawaru.
  2653 | D:3      | Found a bloodstained altar of Trog.
  2653 | D:3      | Found a radiant altar of Vehumet.
  2656 | D:3      | Reached skill level 5 in Dodging
  3429 | D:5      | Entered Level 5 of the Dungeon
  3864 | D:4      | Reached skill level 7 in Unarmed Combat
  3864 | D:4      | Reached XP level 7. HP: 42/52 MP: 10/10
  4314 | D:4      | Found a burning altar of Makhleb.
  4314 | D:4      | Noticed a balrug
  4319 | D:4      | Noticed a neqoxec
  4319 | D:4      | Noticed a ynoxinul
  5217 | D:5      | Found a runed translucent gate.
  5217 | D:5      | Found a runed translucent gate.
  5218 | D:5      | Found a runed translucent gate.
  5220 | D:5      | Noticed SolCadguy's ghost (amateur DrHW)
  5455 | D:5      | Reached XP level 8. HP: 55/60 MP: 12/12
  6317 | D:6      | Noticed Jeremiah
  6341 | D:6      | Killed Jeremiah
  6653 | D:6      | Reached XP level 9. HP: 63/67 MP: 14/14
  6723 | D:6      | Found Ugisuc's Mass Market.
  6878 | D:6      | Reached skill level 5 in Fighting
  7239 | D:7      | Reached skill level 8 in Unarmed Combat
  7280 | D:7      | Found a staircase to the Ecumenical Temple.
  7308 | Temple   | Entered the Ecumenical Temple
  7312 | Temple   | Became a worshipper of the Wu Jian Council
  7562 | D:7      | Reached skill level 5 in Invocations
  8276 | D:9      | Found a staircase to the Orcish Mines.
  8405 | D:8      | Noticed Maggie
  8420 | D:8      | Killed Maggie
  8421 | D:8      | Reached skill level 5 in Short Blades
  8421 | D:8      | Reached skill level 5 in Long Blades
  8421 | D:8      | Reached skill level 5 in Axes
  8421 | D:8      | Reached skill level 5 in Maces & Flails
  8421 | D:8      | Reached skill level 5 in Polearms
  8421 | D:8      | Reached skill level 5 in Staves
  8421 | D:8      | Reached skill level 5 in Ranged Weapons
  8421 | D:8      | Reached skill level 5 in Throwing
  8421 | D:8      | Reached skill level 5 in Armour
  8421 | D:8      | Reached skill level 5 in Stealth
  8421 | D:8      | Reached skill level 5 in Shields
  8421 | D:8      | Reached skill level 5 in Spellcasting
  8421 | D:8      | Reached skill level 5 in Evocations
  8421 | D:8      | Reached XP level 10. HP: 41/76 MP: 17/17
  8539 | D:8      | Noticed a two-headed ogre
  8557 | D:8      | Killed a two-headed ogre
  9194 | D:1      | Bought a book of Battle for 286 gold pieces
  9275 | D:4      | Learned a level 3 spell: Fugue of the Fallen
  9279 | D:4      | Learned a level 3 spell: Ozocubu's Armour
  9422 | Orc:1    | Entered Level 1 of the Orcish Mines
  9800 | Orc:1    | Noticed an orc knight
  9825 | D:9      | Found a glowing golden altar of the Shining One.
  9875 | D:9      | Reached * piety under Wu Jian
 10523 | D:9      | Found a staircase to the Lair.
 10562 | Lair:1   | Entered Level 1 of the Lair of Beasts
 10882 | D:9      | Reached skill level 9 in Unarmed Combat
 10979 | D:9      | Reached ** piety under Wu Jian
 11007 | D:9      | Reached skill level 5 in Conjurations
 11007 | D:9      | Reached skill level 5 in Hexes
 11007 | D:9      | Reached skill level 5 in Summonings
 11007 | D:9      | Reached skill level 5 in Necromancy
 11007 | D:9      | Reached skill level 5 in Translocations
 11007 | D:9      | Reached skill level 5 in Fire Magic
 11007 | D:9      | Reached skill level 5 in Ice Magic
 11007 | D:9      | Reached skill level 5 in Air Magic
 11007 | D:9      | Reached skill level 5 in Earth Magic
 11007 | D:9      | Reached skill level 5 in Alchemy
 11007 | D:9      | Reached XP level 11. HP: 83/83 MP: 20/20
 11018 | D:10     | Entered Level 10 of the Dungeon
 11400 | D:10     | Found a shimmering altar of Xom.
 11411 | D:10     | Identified the +11 dagger of Regicide {speed, rF+}
 11958 | D:10     | Noticed a juvenile batshock beast
 12162 | D:10     | HP: 2/83 [juvenile batshock beast/living lightning (29)]
 12167 | D:10     | Killed a juvenile batshock beast
 12467 | D:10     | Noticed Josephine
 12571 | D:10     | Noticed Amaemon
 12573 | D:10     | Found Kiuruf's Antique Armour Boutique.
 12608 | D:10     | Killed Amaemon
 12967 | D:9      | Killed Josephine
 13412 | D:10     | Found Liom's Distillery.
 13421 | D:10     | Bought a potion of heal wounds for 70 gold pieces
 13421 | D:10     | Bought a potion of curing for 42 gold pieces
 13421 | D:10     | Bought a potion of attraction for 42 gold pieces
 13670 | D:11     | Reached *** piety under Wu Jian
 13737 | D:11     | Noticed a manticore
 13743 | D:11     | Killed a manticore
 13769 | D:12     | Noticed a cyclops
 13770 | D:12     | Killed a cyclops
 13771 | D:12     | Noticed a four-headed hydra
 13786 | D:12     | Noticed a two-headed ogre
 13789 | D:12     | Reached XP level 12. HP: 91/91 MP: 22/22
 13798 | D:12     | Killed a two-headed ogre
 13825 | D:12     | Got the Secrets of Charms and Distillation
 14071 | D:11     | Noticed a sun demon
 14170 | D:11     | Found a shimmering blue altar of Sif Muna.
 14334 | D:11     | Killed a four-headed hydra
 14335 | D:11     | Reached skill level 10 in Unarmed Combat
 14507 | D:12     | Noticed a two-headed ogre
 14726 | D:11     | Killed a two-headed ogre
 15141 | D:13     | Found Seddoun's Jewellery Boutique.
 15523 | D:12     | Noticed a two-headed ogre
 15524 | D:12     | Noticed a two-headed ogre
 15524 | D:12     | Noticed a two-headed ogre
 15524 | D:12     | Noticed grandjackal's ghost (journeyman DsGl)
 15526 | D:12     | Found a transporter.
 15526 | D:12     | Noticed a two-headed ogre
 15526 | D:12     | Identified the +6 great mace "Fototz" {antimagic, rN++}
 15526 | D:12     | Noticed an ettin
 15527 | D:12     | Noticed a two-headed ogre
 15527 | D:12     | Noticed a two-headed ogre
 15963 | D:5      | Killed SolCadguy's ghost
 16248 | Orc:1    | Noticed an ettin
 16256 | D:9      | Mangled by an orc knight

Illustrated notes

Levels and vault maps discovered:
D:1:      amcnicky_arrival_choice, layout_loops_ring, serial_shops,
          nicolae_book_shop_shelving, basic_ecumenical_altar
D:2:      layout_basic, solitary_fountain, minmay_split_cup_small, uniq_natasha,
          uniq_crazy_yiuf_cottage, uniq_terence
D:3:      layout_basic, chequers_temple_overflow_statue_of_worship,
          minmay_fountain_box
D:4:      layout_layer_cave, makhleb_altar_promises_db, serial_bayou,
          serial_bayou_pond_e, serial_bayou_crossing, serial_bayou_shore_a,
          serial_bayou_lake_a, serial_bayou_ford_a, serial_bayou_lagoon_b,
          grunt_tough_drop
D:5:      layout_cave_pods, gammafunk_ghost_split
D:6:      layout_rooms, minmay_shop_mass, uniq_jeremiah
D:7:      layout_cave_pools, minmay_temple_entry_stoned_glass,
          minmay_misc_feat_nine_boxes, roderic_serpentine_path,
          kennysheep_generic_room_2
D:8:      layout_rooms, uniq_maggie
D:9:      layout_basic, tso_altar, grunt_lair_entry_orc_guard_hut
D:10:     layout_basic, nicolae_overflow_crystal_walls, serial_shops,
          nicolae_shop_stone, shop, nicolae_beast_mode, uniq_josephine,
          uniq_amaemon
D:11:     layout_cave_pools, led_sif_pool
D:12:     layout_rooms, serial_rivers, chequers_serial_rivers_marsh,
          chequers_serial_rivers_room_b, chequers_serial_rivers_small_b,
          chequers_serial_rivers_micro_a, chequers_serial_rivers_small_a,
          chequers_serial_rivers_large_b, gammafunk_ghost_smash
D:13:     layout_grid_maze, erik_vaults_1, serial_shops, shop_statue,
          uniq_jorgrun
Temple:   nicolae_temple_x_marks_the_god
Lair:1:   layout_big_grid, ebering_ghost_reflecting_pool
Orc:1:    layout_caves, serial_shops, trog_butcher_becter

Skill      XL: |  1  2  3  4  5  6  7  8  9 10 11 12 |
---------------+-------------------------------------+-----
Invocations    | 1 2 3 4 5 6 7 8 |  8.4
Short Blades   | 1 2 3 5 6 7 |  7.6
Long Blades    | 1 2 3 5 6 7 |  7.6
Axes           | 1 2 3 5 6 7 |  7.6
Maces & Flails | 1 2 3 5 6 7 |  7.6
Polearms       | 1 2 3 5 6 7 |  7.6
Staves         | 1 2 3 5 6 7 |  7.6
Ranged Weapons | 1 2 3 5 6 7 |  7.6
Throwing       | 1 2 3 5 6 7 |  7.6
Armour         | 1 2 3 5 6 7 |  7.6
Stealth        | 1 2 3 5 6 7 |  7.6
Shields        | 1 2 3 5 6 7 |  7.6
Spellcasting   | 1 2 3 5 6 7 |  7.6
Evocations     | 1 2 3 5 6 7 |  7.6
Conjurations   | 1 2 3 4 5 6 |  6.3
Hexes          | 1 2 3 4 5 6 |  6.3
Summonings     | 1 2 3 4 5 6 |  6.3
Necromancy     | 1 2 3 4 5 6 |  6.3
Translocations | 1 2 3 4 5 6 |  6.3
Fire Magic     | 1 2 3 4 5 6 |  6.3
Ice Magic      | 1 2 3 4 5 6 |  6.3
Air Magic      | 1 2 3 4 5 6 |  6.3
Earth Magic    | 1 2 3 4 5 6 |  6.3
Alchemy        | 1 2 3 4 5 6 |  6.3
Fighting       | 3 4 5 6 7 8 |  8.1
Dodging        | 5 6 7 8 9 |  9.0
Unarmed Combat | 7 8 9 10 | 10.1
Shapeshifting  | 7 8 9 |  9.6

Action                     |  1- 3 |  4- 6 |  7- 9 | 10-12 || total
---------------------------+-------+-------+-------+-------++-------
  Melee: Unarmed           |    73 |   140 |   304 |   246 ||   763
         Bite              |     9 |    15 |    43 |   101 ||   168
         Punch             |     1 |     7 |    12 |    37 ||    57
         Dagger            |       |       |       |   397 ||   397
  Throw: Dart              |       |     1 |    13 |     5 ||    19
         Boomerang         |       |       |    14 |       ||    14
   Cast: Ozocubu's Armour  |       |       |       |    16 ||    16
         Fugue of the Fall |       |       |       |    13 ||    13
Ability: Lunge             |       |       |     5 |    50 ||    55
         Whirlwind         |       |       |       |    39 ||    39
         Wall Jump         |       |       |       |    28 ||    28
  Evoke: Wand              |       |     1 |     1 |     2 ||     4
         Box of beasts     |       |       |       |     1 ||     1
    Use: Scroll            |     4 |     3 |     5 |     7 ||    19
         Potion            |       |       |       |     3 ||     3
   Stab: Sleeping          |     1 |     7 |       |    11 ||    19
         Paralysed         |       |       |     1 |       ||     1
         Distracted        |       |       |       |     1 ||     1
 Armour: Animal skin       |     8 |       |       |       ||     8
         Leather armour    |    29 |    35 |       |       ||    64
         Ring mail         |       |    19 |       |       ||    19
         Chain mail        |       |    16 |   214 |    17 ||   247
         Skin              |       |       |       |    77 ||    77
         Acid dragon scale |       |       |       |   143 ||   143
  Dodge: Dodged            |    48 |    75 |   127 |   378 ||   628
   Form: Flux              |       |       |       |     1 ||     1
         Beast             |       |       |       |     1 ||     1

Table legend: (Time is in decaauts)
 A = Elapsed time spent in this place.
 B = Non-inter-level travel time spent in this place.
 C = Inter-level travel time spent in this place.
 D = Time resting spent in this place.
 E = Time spent auto-exploring this place.
 F = Levels seen in this place.
 G = Mean time per level.
                   A        B        C        D        E       F      G
               +--------+--------+--------+--------+--------+-----+--------+
         Total |  16337 |  15343 |    994 |   3666 |   5934 |  16 | 1021.1 |
       Dungeon |  16153 |  15160 |    993 |   3666 |   5934 |  13 | 1242.5 |
        Temple |      9 |      9 |      0 |      0 |      0 |   1 |    9.0 |
          Lair |    107 |    106 |      1 |      0 |      0 |   1 |  107.0 |
  Orcish Mines |     66 |     66 |      0 |      0 |      0 |   1 |   66.0 |
               +--------+--------+--------+--------+--------+-----+--------+

Top non-repeatable levels by time:
     D:9: 2674 daAuts
     D:4: 1972 daAuts
     D:5: 1835 daAuts
    D:10: 1311 daAuts
     D:2: 1239 daAuts
     D:7: 1207 daAuts
    D:11: 1152 daAuts
     D:8: 1048 daAuts
     D:3: 978 daAuts
     D:1: 974 daAuts
    D:12: 895 daAuts
     D:6: 696 daAuts
    D:13: 169 daAuts
  Lair:1: 107 daAuts
   Orc:1: 66 daAuts
